 Dungeon Crawl Stone Soup version 0.30.0-29-ga12c61a403 (webtiles) character file.

Game seed: 980413202287520579

297 Alcibiades the Shooter (level 6, -2/53 HPs)
             Began as a Minotaur Hunter on June 17, 2023.
             Slain by Pikel
             ... wielding a +2 whip of freezing
              (7 damage)
             ... on level 3 of the Dungeon.
             The game lasted 00:07:03 (3496 turns).

Alcibiades the Shooter (Minotaur Hunter)            Turns: 3496, Time: 00:07:03

Health: -2/53      AC:  9    Str: 17    XL:     6   Next: 12%
Magic:  5/5        EV:  8    Int:  6    God:
Gold:   198        SH:  0    Dex: 14    Spells: 5/5 levels left

rFire   + . .        b - +3 dagger (speed)
rCold   . . .        (no shield)
rNeg    . . .        p - +0 chain mail
rPois   .            (helmet restricted)
rElec   .            (no cloak)
rCorr   .            (no gloves)
SInv    .            (no boots)
Will    .....        (no amulet) Stlth
                     g - ring of protection from fire
HPRegen 0.28/turn    (no ring)
MPRegen 0.09/turn

%: no passive effects
@: no status effects
A: horns 2, retaliatory headbutt
a: no special abilities


You were on level 3 of the Dungeon.
You visited 1 branch of the dungeon, and saw 4 of its levels.

You collected 198 gold pieces.

Inventory:

Hand Weapons
 a - a +0 shortbow
 b - a +3 dagger of speed (weapon)
 q - a +0 sling
 v - a +0 dagger
Missiles
 d - 44 stones
Armour
 p - a +0 chain mail (worn)
 w - a +0 buckler
Jewellery
 g - a ring of protection from fire (left hand)
 r - the ring of Soary {+Blink rC+++ Will+ rCorr Dex-5}
   (You found it on level 3 of the Dungeon)

   [ring of willpower]

   Dex:       It affects your dexterity (-5).
   rC:        It renders you almost immune to cold.
   +Blink:    It lets you blink.
   rCorr:     It protects you from acid and corrosion.
   Will:      It increases your willpower.
 s - a ring of flight
 y - a ring of magical power
Scrolls
 c - a scroll of vulnerability {unknown}
 f - a scroll of identify {unknown}
 k - 3 scrolls of immolation
 m - a scroll of amnesia {unknown}
 o - a scroll of enchant armour
 t - a scroll of enchant weapon {unknown}
 u - a scroll of poison {unknown}
Potions
 e - a potion of attraction {unknown}
 h - 2 potions of lignification {unknown}
 j - 2 potions of degeneration {unknown}
 l - 5 potions of heal wounds
 n - 2 potions of experience {unknown}
 x - a potion of ambrosia {unknown}
 z - 3 potions of curing {unknown}


   Skills:
 + Level 4.3 Fighting
 * Level 6.5 Ranged Weapons
 + Level 3.4 Armour
 - Level 2.1 Dodging
 - Level 0.7 Stealth


You had 5 spell levels left.
You didn't know any spells.
Your spell library contained the following spells:

 Spells                   Type           Power      Damage    Failure   Level
 Passwall                 Tmut/Erth      0%         N/A       100%        2
 Portal Projectile        Hex/Tloc       0%         N/A       100%        3
 Spider Form              Tmut/Pois      0%         N/A       100%        3
 Tukima's Dance           Hex            0%         N/A       100%        3
 Vhi's Electric Charge    Tloc/Air       0%         N/A       100%        3
 Ice Form                 Ice/Tmut       0%         N/A       100%        4
 Arcjolt                  Conj/Air       0%         1d10      100%        5
 Blade Hands              Tmut           0%         N/A       100%        5
 Maxwell's Capacitive Co  Air            0%         ∞         100%        8


Dungeon Overview and Level Annotations

Branches:
Dungeon (4/15)
 Temple: D:4-7

Altars:
Cheibriados
Fedhas

Annotations:
D:2 exclusion: downstairs
D:3 Pikel


Innate Abilities, Weirdness & Mutations

You have a pair of horns on your head.
You reflexively headbutt those who attack you in melee.


Message History

Pikel is severely wounded.
You hit Pikel.
Pikel is severely wounded.
Pikel drinks a potion.
Pikel is healed!
You hit Pikel.
Pikel is lightly wounded.
Pikel hits you with a +2 whip of freezing.
Pikel freezes you.
You hit Pikel but do no damage.
Pikel is lightly wounded.
You hit Pikel but do no damage. Your headbutt misses Pikel.
Pikel is lightly wounded.
Pikel closely misses you.
You hit Pikel.
Pikel is moderately wounded.
Pikel hits you with a +2 whip of freezing.
Pikel freezes you.
You barely miss Pikel.
Pikel is moderately wounded.
You hit Pikel. Your headbutt misses Pikel.
Pikel is moderately wounded.
Pikel hits you with a +2 whip of freezing!
* * * LOW HITPOINT WARNING * * *
Pikel freezes you.
* * * LOW HITPOINT WARNING * * *
You barely miss Pikel. Your headbutt misses Pikel.
Pikel is moderately wounded.
Pikel hits you with a +2 whip of freezing.
* * * LOW HITPOINT WARNING * * *
Pikel freezes you.
* * * LOW HITPOINT WARNING * * *
You hit Pikel but do no damage.
Pikel is moderately wounded.
You barely miss Pikel. You headbutt Pikel!
Pikel is heavily wounded.
Pikel hits you but does no damage.
You barely miss Pikel.
Pikel is heavily wounded.
Pikel hits you with a +2 whip of freezing!
You die...

.......##......# #......##.....#
##.....##......####.......##...##
......###...........###....##.##.
#.............)..#### #..........
...................## #....).....
#...................###..>.##.#..
......................#.)..##.##.
......................#....##.###
#........[...#..@.........###.#
####.........#..K.#.......# #.#
##..........#.#..##......# #.#
##......)..........#......# #.#
...#######..##.....#......# #.#
#### ##.####....#.....###.# ####
#...###.#.#.....##..# ...##
###.............##.##
##..#############.........##.#


You could see Pikel.

Vanquished Creatures
  An ogre (D:4)
  4 lemures
  A hound (D:3)
  A sleepcap (D:4)
  Jessica (D:3)
  2 orc wizards (D:2)
  2 adders
  A worm (D:4)
  A dart slug (D:2)
  4 orcs (D:3)
  6 endoplasms
  3 giant cockroaches
  4 goblins
  5 hobgoblins
  9 kobolds
  4 quokkas
  4 ball pythons
  A bat (D:1)
  2 frilled lizards
  7 rats
63 creatures vanquished.

Vanquished Creatures (others)
  A rat (D:3)
1 creature vanquished.

Grand Total: 64 creatures vanquished

Notes
Turn   | Place    | Note
-------+----------+-------------------------------------------
     0 | D:1      | Alcibiades the Minotaur Hunter began the quest for the Orb.
     0 | D:1      | Reached XP level 1. HP: 18/18 MP: 0/0
   152 | D:1      | Reached XP level 2. HP: 25/25 MP: 1/1
   230 | D:1      | Reached skill level 1 in Armour
   466 | D:1      | Found a faded altar of an unknown god.
   761 | D:2      | Reached skill level 5 in Ranged Weapons
   761 | D:2      | Reached XP level 3. HP: 24/31 MP: 2/2
   920 | D:2      | Got Uruumoy's Thoughts on Transformation
  1125 | D:3      | Reached XP level 4. HP: 38/38 MP: 3/3
  1141 | D:3      | Identified the ring of Soary {+Blink rC+++ Will+ rCorr
                  | Dex-5}
  1669 | D:3      | Reached XP level 5. HP: 46/46 MP: 4/4
  1681 | D:3      | Found a snail-covered altar of Cheibriados.
  1810 | D:3      | Noticed Jessica
  1817 | D:3      | Killed Jessica
  1818 | D:3      | Reached skill level 6 in Ranged Weapons
  1843 | D:3      | Found a blossoming altar of Fedhas.
  2312 | D:4      | Noticed a lemure
  2313 | D:4      | Noticed Pikel
  2313 | D:4      | Noticed a lemure
  2315 | D:4      | Noticed a lemure
  2315 | D:4      | Noticed a lemure
  2343 | D:3      | Killed a lemure
  2437 | D:3      | Killed a lemure
  2459 | D:3      | Killed a lemure
  3067 | D:4      | Noticed an ogre
  3083 | D:4      | Killed an ogre
  3084 | D:4      | Reached XP level 6. HP: 16/53 MP: 5/5
  3496 | D:3      | Slain by Pikel

Illustrated notes

Levels and vault maps discovered:
D:1:      lightli_arrival_quake, layout_basic,
          hellmonk_ecumenical_altar_run_dry, hangedman_decor_opposing,
          interstate_on_off, minmay_cut_off
D:2:      layout_rooms, minmay_tromino_i4
D:3:      layout_rooms, lemuel_coloured_pillars_altar, lemuel_round_altar,
          lemuel_flame_loot_1, uniq_jessica
D:4:      layout_rooms, dk_vineyard_3, uniq_pikel

Skill      XL: |  1  2  3  4  5 |
---------------+----------------+-----
Armour         | 1 2 3 |  3.4
Fighting       | 3 4 |  4.3
Ranged Weapons | 5 6 |  6.5
Dodging        | |  2.1
Stealth        | |  0.7

Action                     |  1- 3 |  4- 6 || total
---------------------------+-------+-------++-------
  Melee: Dagger            |       |    73 ||    73
         Headbutt          |       |    13 ||    13
         Shortbow          |       |     1 ||     1
   Fire: Shortbow          |    82 |   119 ||   201
    Use: Scroll            |       |     3 ||     3
 Armour: Leather armour    |     2 |       ||     2
         Ring mail         |    10 |    24 ||    34
         Chain mail        |       |     2 ||     2
  Dodge: Dodged            |    32 |    50 ||    82
